 Dungeon Crawl Stone Soup version 0.18-a0-775-g4d9e04e (webtiles) character file.

156 JokEr the Skirmisher (level 5, -9/48 HPs)
             Began as a Draconian Fighter on Dec 13, 2015.
             Killed by divine providence
             ... invoked by an orc priest
              (15 damage)
             ... on level 3 of the Dungeon.
             The game lasted 00:04:59 (3149 turns).

JokEr the Skirmisher (Draconian Fighter)            Turns: 3149, Time: 00:04:59

Health: -9/48      AC:  7    Str: 20    XL:     5   Next: 14%
Magic:  5/5        EV: 10    Int:  8    God:
Gold:   67         SH:  9    Dex: 10    Spells: 0 memorised, 4 levels left

rFire  . . .     SeeInvis .     a - +0 long sword
rCold  . . .     Clarity  .     (armour unavailable)
rNeg   . . .     SustAt   .     b - +0 shield
rPois  .         Gourm    .     (helmet restricted)
rElec  .         Spirit   .     (no cloak)
rCorr  .         Dismiss  .     (no gloves)
rMut   .         Stasis   .     (no boots)
MR     .....                    (no amulet)
Stlth  +.........               (no ring)
                                l - +2 ring of protection

@: not resistant to hostile enchantments, very unstealthy
A: unfitting armour, cold-blooded, AC +5
a: no special abilities


You were on level 3 of the Dungeon.
You were hungry.

You visited 1 branch of the dungeon, and saw 3 of its levels.

You collected 67 gold pieces.

Inventory:

Hand Weapons
 a - a +0 long sword (weapon)
Armour
 b - a +0 shield (worn)
Jewellery
 l - a +2 ring of protection (left hand)
Scrolls
 f - a scroll of enchant weapon {unknown}
 g - 3 scrolls of remove curse
 h - a scroll of teleportation
 k - 2 scrolls of magic mapping
Potions
 c - a potion of might
 e - 2 potions of agility {unknown}
 j - 2 potions of curing {unknown}
Comestibles
 d - a bread ration
 i - a meat ration


   Skills:
 + Level 5.2 Fighting
 + Level 4.0 Long Blades
 - Level 2.6 Dodging
 - Level 3.0 Shields


You had 4 spell levels left.
You didn't know any spells.

Dungeon Overview and Level Annotations

Branches:
Dungeon (3/15)

Altars:
Qazlal

Annotations:
D:3 JokEr's ghost, amateur DsBe; Sigmund


Innate Abilities, Weirdness & Mutations

Your plain brown scales are hard (AC +5).
Your body does not fit into most forms of armour.
You are cold-blooded and may be slowed by cold attacks.


Message History

You block the orc's attack.
The orc priest mumbles some strange prayers to Beogh against you.
Something smites you! You block the orc's attack. The orc closely misses you.
The orc priest mumbles some strange prayers to Beogh against you.
Pain shoots through your body!
JokEr's ghost says, "Are you willing to die fighting?
I was!"
The orc hits you but does no damage. The orc barely misses you.
You block JokEr's ghost's attack.
Sigmund hits you from afar with a scythe of pain!
The orc priest miscasts a cantrip.
The orc priest invokes the aid of Beogh against you.
Something smites you!
* * * LOW HITPOINT WARNING * * *
You are feeling hungry.
The orc priest mumbles some strange prayers to Beogh against you.
Something smites you!
You die...

##........# #........#
#........# #.....oo.#
#......oo# #.......@#
###.####W# #....# #o#
#####....###@#
...[......##.####
#######.#.##.....
#.......#
#..(....###############
#......................
#..)...(.##############
#.###..#.# #.# #..#.#


You could see Sigmund, an orc priest, JokEr's ghost and 4 orcs.

Vanquished Creatures
  A worker ant (D:3)
  Jessica (D:3)
  4 adders
  2 worms (D:2)
  2 giant geckos (D:2)
  10 bats
  3 giant cockroaches
  8 hobgoblins
  5 jackals
  A ball python (D:1)
  4 giant newts
  6 goblins
  8 kobolds
  6 rats
61 creatures vanquished.

Notes
Turn   | Place    | Note
--------------------------------------------------------------
     0 | D:1      | JokEr the Draconian Fighter began the quest for the Orb.
     0 | D:1      | Reached XP level 1. HP: 19/19 MP: 1/1
   302 | D:1      | Reached XP level 2. HP: 19/26 MP: 2/2
  1230 | D:1      | Reached skill level 4 in Fighting
  1301 | D:1      | Reached XP level 3. HP: 29/33 MP: 3/3
  2509 | D:2      | Reached XP level 4. HP: 37/41 MP: 4/4
  2650 | D:2      | Found a stormy altar of Qazlal.
  2971 | D:3      | Reached skill level 5 in Fighting
  3066 | D:3      | Noticed Jessica
  3083 | D:3      | Killed Jessica
  3083 | D:3      | Reached XP level 5. HP: 32/48 MP: 5/5
  3095 | D:3      | Noticed JokEr's ghost (amateur DsBe)
  3110 | D:3      | Noticed Sigmund
  3149 | D:3      | Killed from afar by an orc priest

Vault maps used:
D:1:      tarquinn_simple_flora_water_a, minmay_quantized
D:2:      nicolae_overflow_hidden_temple
D:3:      uniq_sigmund, uniq_jessica

Action                   |  1- 3 |  4- 6 || total
-------------------------+-------+-------++-------
Melee: Long sword        |   173 |    64 ||   237
  Use: Scroll            |     6 |       ||     6
       Potion            |     1 |       ||     1
 Stab: Sleeping          |     1 |       ||     1
  Eat: Chunk             |     5 |     2 ||     7
